 Dungeon Crawl Stone Soup version 0.23.2-30-g0e89c35649 (webtiles) character file.

Game seed: 10513723440035751179

4159 Gingernuke the Grappler (level 10, -4/100 HPs)
             Began as a Troll Berserker on June 7, 2019.
             Was an Elder of Trog.
             Slain by an ice beast (7 damage)
             ... on level 9 of the Dungeon.
             The game lasted 00:18:21 (7364 turns).

Gingernuke the Grappler (Troll Berserker)           Turns: 7364, Time: 00:18:22

Health: -4/100     AC:  9    Str: 32    XL:     10   Next: 7%
Magic:  0/9        EV: 13    Int:  3    God:    Trog [****..]
Gold:   335        SH:  0    Dex: 12    Spells: 9/9 levels left

rFire    . . .     SeeInvis .     - Unarmed
rCold    . . .     Gourm    +   (no shield)
rNeg     . . .     Faith    .   a - +1 animal skin
rPois    .         Spirit   +   (helmet restricted)
rElec    .         Reflect  .   (no cloak)
rCorr    .         Harm     .   (gloves unavailable)
MR       ++...                  (boots unavailable)
Stlth    +.........             o - amulet of guardian spirit
HPRegen  1.66/turn              z - +5 ring of strength
MPRegen  0.11/turn              n - +2 ring of protection

@: lethally poisoned (-4 -> -4), berserk cooldown, regenerating, slowed, very
slow
A: large, unfitting armour, claws 3, fast metabolism 3, gourmand, regeneration
1, shaggy fur 1, tough skin 3
a: Berserk, Trog's Hand, Brothers in Arms, Renounce Religion


You were on level 9 of the Dungeon.
You worshipped Trog.
Trog was greatly pleased with you.
You were not hungry.

You visited 1 branch of the dungeon, and saw 9 of its levels.

You collected 335 gold pieces.

Inventory:

Hand Weapons
 v - the +1 mace "Qestowuj" {flame, *Corrode rElec rN++ Int-2}
   (You found it on level 4 of the Dungeon)

   It has been specially enchanted to burn those struck by it, causing extra
   injury to most foes and up to half again as much damage against particularly
   susceptible opponents.
   It affects your intelligence (-2).
   It insulates you from electricity.
   It greatly protects you from negative energy.
   It may corrode you when you take damage.
Missiles
 h - 290 stones (quivered)
 C - 3 large rocks
Armour
 a - a +1 animal skin (worn)
Jewellery
 k - a +2 ring of dexterity
 n - a +2 ring of protection (right claw)
 o - an amulet of guardian spirit (around neck)
 z - a +5 ring of strength (left claw)
 D - an uncursed ring of positive energy {unknown}
 G - an uncursed ring of flight {unknown}
Wands
 i - a wand of paralysis (17)
 B - a wand of iceblast (7)
 E - a wand of random effects (14)
Scrolls
 d - 6 scrolls of enchant armour
 e - 3 scrolls of teleportation
 g - a scroll of magic mapping
 r - a scroll of fog
 t - a scroll of identify
 u - 4 scrolls of enchant weapon
 x - 3 scrolls of remove curse {unknown}
 y - 5 scrolls of immolation {unknown}
 A - a scroll of fear {unknown}
Potions
 c - 8 potions of curing
 f - 2 potions of invisibility
 j - 2 potions of berserk rage {unknown}
 l - 2 potions of haste {unknown}
 m - a potion of brilliance {unknown}
 p - 3 potions of lignification
 q - 3 potions of heal wounds
 s - 3 potions of flight {unknown}
 w - 2 potions of agility
 F - a potion of resistance {unknown}
Comestibles
 b - 18 rations


   Skills:
 + Level 6.4 Fighting
 - Level 0.2 Throwing
 + Level 6.8 Dodging
 - Level 0.8 Stealth
 + Level 10.5 Unarmed Combat


You had 9 spell levels left.
You didn't know any spells.
Your spell library was empty.

Dungeon Overview and Level Annotations

Branches:
Dungeon (9/15)             Temple (0/1) D:5
   Lair: D:8-11         Orc: D:9-12

Altars:
Ashenzari
Dithmenos
Elyvilon
Fedhas
Gozag
Hepliaklqana
Makhleb
Nemelex Xobeh
Okawaru
Qazlal
Ru
Zin
The Shining One

Shops:
D:4 *   D:8 %


Innate Abilities, Weirdness & Mutations

You are too large for most types of armour.
You have claws for hands.
Your metabolism is lightning-fast.
You like to eat raw meat.
Your natural rate of healing is unusually fast.
You are covered in fur. (AC +1)
You have extremely tough skin. (AC +3)


Message History

* * * LOW HITPOINT WARNING * * *
You closely miss the ice beast.
The ice beast is severely wounded.
You feel sick. The ice beast closely misses you.
You closely miss the ice beast.
The ice beast is severely wounded.
You feel sick. The ice beast misses you.
You claw the ice beast!
The ice beast is almost dead.
You feel sick. The ice beast misses you.
You barely miss the ice beast.
The ice beast is almost dead.
You feel sick. The ice beast hits you.
* * * LOW HITPOINT WARNING * * *
The ice beast freezes you!
* * * LOW HITPOINT WARNING * * *
The ice beast hits you.
* * * LOW HITPOINT WARNING * * *
The ice beast freezes you!
You die...

... ..# ..# #.#
#######.#
......#.######.
......)Y†......
#@†# #..# #..#
#..#
#.########..#
............#
#.####..###.#
#. #...# #.#
#.###...###.#


You could see an ice beast.

Vanquished Creatures
  A hippogriff (D:6)
  Sigmund (D:3)
  2 ice beasts
  2 sky beasts (D:7)
  The ghost of Terandir the Shield-Bearer, an amateur MiFi (D:3)
  2 orc warriors
  2 phantoms
  3 centaurs
  A crocodile (D:9)
  2 bullfrogs
  A gnoll sergeant (D:4)
  A water moccasin skeleton (D:5)
  2 scorpions
  2 killer bees (D:9)
  4 wights
  3 howler monkeys (D:8)
  A bullfrog zombie (D:5)
  7 crimson imps
  4 hounds
  A jelly (D:8)
  5 centaur skeletons
  4 orc priests
  4 orc wizards
  Terence (D:3)
  Jessica (D:2)
  4 iguanas
  Natasha (thrice) (D:2)
  6 worker ants
  A hound zombie (D:6)
  A hound skeleton (D:5)
  A worker ant zombie (D:8)
  8 gnolls
  11 adders
  A shadow imp (D:6)
  4 adder skeletons
  An adder zombie (D:7)
  7 worms
  2 dart slugs (D:2)
  3 leopard geckos
  20 orcs
  A ball python (D:3)
  2 giant cockroaches
  5 goblins
  5 hobgoblins
  6 jackals
  4 kobolds
  4 quokkas
  A bat (D:3)
  4 frilled lizards
  A leopard gecko skeleton (D:6)
  A leopard gecko zombie (D:8)
  5 rats
170 creatures vanquished.

Vanquished Creatures (collateral kills)
  A two-headed ogre (D:6)
  A centaur (D:9)
  A killer bee (D:9)
3 creatures vanquished.

Grand Total: 173 creatures vanquished

Notes
Turn   | Place    | Note
-------+----------+-------------------------------------------
     0 | D:1      | Gingernuke the Troll Berserker began the quest for the Orb.
     0 | D:1      | Reached XP level 1. HP: 22/22 MP: 0/0
   545 | D:1      | Reached XP level 2. HP: 26/29 MP: 1/1
   628 | D:2      | Noticed Jessica
   744 | D:2      | Found a white marble altar of Elyvilon.
   811 | D:2      | Reached XP level 3. HP: 34/36 MP: 2/2
   829 | D:2      | Noticed Natasha
   834 | D:2      | Killed Natasha
   834 | D:2      | Reached skill level 4 in Unarmed Combat
  1109 | D:2      | Killed Jessica
  1109 | D:2      | Reached XP level 4. HP: 40/44 MP: 3/3
  1196 | D:2      | Found a blossoming altar of Fedhas.
  1332 | D:2      | Noticed Natasha
  1344 | D:2      | Killed Natasha
  1530 | D:2      | Noticed Natasha
  1533 | D:2      | Killed Natasha
  1533 | D:2      | Reached skill level 5 in Unarmed Combat
  1533 | D:2      | Reached XP level 5. HP: 52/52 MP: 4/4
  1555 | D:3      | Noticed Terence
  1560 | D:3      | Killed Terence
  1701 | D:3      | Reached ** piety under Trog
  1759 | D:3      | Reached XP level 6. HP: 56/61 MP: 5/5
  1761 | D:3      | Reached skill level 6 in Unarmed Combat
  1918 | D:3      | Noticed Sigmund
  1927 | D:3      | Killed Sigmund
  1927 | D:3      | Reached skill level 7 in Unarmed Combat
  1927 | D:3      | Reached XP level 7. HP: 67/67 MP: 6/6
  2026 | D:3      | Found a runed translucent door.
  2027 | D:3      | Noticed Terandir's ghost (amateur MiFi)
  2036 | D:3      | Killed Terandir's ghost
  2069 | D:3      | Found a runed translucent door.
  2365 | D:4      | Found Wouczad's Assorted Antiques.
  2455 | D:4      | Reached skill level 8 in Unarmed Combat
  2834 | D:4      | Got an ancient mace
  2836 | D:4      | Identified the +1 mace "Qestowuj" {flame, *Corrode rElec
                  | rN++ Int-2} (You found it on level 4 of the Dungeon)
  2892 | D:4      | Reached *** piety under Trog
  3367 | D:5      | Entered Level 5 of the Dungeon
  3369 | D:5      | Found a white marble altar of Elyvilon.
  3386 | D:5      | Reached XP level 8. HP: 68/75 MP: 5/7
  3695 | D:5      | Found a stormy altar of Qazlal.
  3700 | D:5      | Found a glowing silver altar of Zin.
  3714 | D:5      | Found a glowing golden altar of the Shining One.
  3843 | D:5      | Found a staircase to the Ecumenical Temple.
  3967 | D:5      | Found a sparkling altar of Nemelex Xobeh.
  4332 | D:6      | Noticed a two-headed ogre
  4523 | D:6      | Reached **** piety under Trog
  4527 | D:6      | Reached skill level 9 in Unarmed Combat
  4533 | D:6      | Reached skill level 5 in Dodging
  4592 | D:6      | Noticed a hippogriff
  4608 | D:6      | Killed a hippogriff
  4911 | D:6      | Killed a two-headed ogre
  4911 | D:6      | Reached skill level 5 in Fighting
  4911 | D:6      | Reached XP level 9. HP: 31/88 MP: 3/8
  5527 | D:7      | Reached skill level 10 in Unarmed Combat
  5537 | D:7      | Found a hazy altar of Hepliaklqana.
  6446 | D:8      | Found a burning altar of Makhleb.
  6446 | D:8      | Found a shadowy altar of Dithmenos.
  6447 | D:8      | Found a sacrificial altar of Ru.
  6448 | D:8      | Found an iron altar of Okawaru.
  6449 | D:8      | Found an opulent altar of Gozag.
  6451 | D:8      | Found a shattered altar of Ashenzari.
  6748 | D:8      | Found Xeegairr's Food Boutique.
  7340 | D:9      | Reached XP level 10. HP: 90/98 MP: 7/9
  7364 | D:9      | HP: 4/100 [ice beast (9)]
  7364 | D:9      | Slain by an ice beast

Skill      XL: |  1  2  3  4  5  6  7  8  9 |
---------------+----------------------------+-----
Unarmed Combat | 4 5 7 8 9 10 | 10.5
Dodging        | 3 4 5 6 |  6.8
Fighting       | 3 5 6 |  6.4
Throwing       | |  0.2
Stealth        | |  0.8

Action                   |  1- 3 |  4- 6 |  7- 9 | 10-12 || total
-------------------------+-------+-------+-------+-------++-------
Melee: Unarmed           |    53 |    62 |   286 |    18 ||   419
       Punch             |     1 |     3 |    16 |       ||    20
Throw: Stone             |       |     9 |     9 |       ||    18
Invok: Berserk           |     1 |     3 |     1 |     1 ||     6
       Trog's Hand       |       |     1 |       |     1 ||     2
       Brothers in Arms  |       |       |     1 |     1 ||     2
  Use: Scroll            |       |       |    14 |       ||    14
 Stab: Sleeping          |       |       |     7 |       ||     7
  Eat: Chunk             |    15 |    11 |    43 |       ||    69
       Ration            |       |       |     1 |       ||     1
Armor: Animal skin       |    10 |    15 |    96 |     6 ||   127
Dodge: Dodged            |    19 |    49 |   171 |    27 ||   266
